 Dungeon Crawl Stone Soup version 0.29-a0-362-g5854e031c7 (webtiles) character file.

Game seed: 4784389522480834404

119 DocClef the Covert (level 5, -3/47 HPs)
             Began as a Gnoll Delver on Apr 29, 2022.
             Succumbed to a water moccasin's poison
             ... in a sewer.
             The game lasted 00:01:17 (625 turns).

DocClef the Covert (Gnoll Delver)                    Turns: 625, Time: 00:01:18

Health: -3/47      AC:  3    Str: 14    XL:     5   Next: 3%
Magic:  6/6        EV: 13    Int:  9    God:
Gold:   10         SH:  0    Dex: 13    Spells: 6/6 levels left

rFire   . . .      SeeInvis .   a - +0 short sword
rCold   . . .      Faith    .   (no shield)
rNeg    . . .      Spirit   .   b - +0 leather armour
rPois   .          Reflect  .   (no helmet)
rElec   .          Harm     .   (no cloak)
rCorr   .          Rampage  .   (no gloves)
Will    .....                   (no boots)
Stlth   ++++......              (no amulet)
HPRegen 0.15/turn               (no ring)
MPRegen 0.10/turn               (no ring)

@: lethally poisoned (-3 -> -38), attractive
A: fangs 1, strong nose, distributed training
a: no special abilities


You were in a sewer.
You visited 1 branch of the dungeon, and saw 2 of its levels.
You also visited: Sewer.

You collected 10 gold pieces.

Inventory:

Hand Weapons
 a - a +0 short sword (weapon)
Armour
 b - a +0 leather armour (worn)
Wands
 g - a wand of digging (3)
Scrolls
 c - a scroll of fog
 d - a scroll of magic mapping
 e - a scroll of fear
 h - a scroll of enchant weapon {unknown}
 i - a scroll of identify {unknown}
Potions
 f - a potion of haste


   Skills:
 + Level 6.6 Fighting
 + Level 4.7 Short Blades
 + Level 1.3 Long Blades
 + Level 1.3 Axes
 + Level 1.3 Maces & Flails
 + Level 1.3 Polearms
 + Level 1.3 Staves
 + Level 1.3 Slings
 + Level 1.3 Bows
 + Level 1.3 Crossbows
 + Level 1.3 Throwing
 + Level 1.3 Armour
 + Level 4.7 Dodging
 + Level 9.6 Stealth
 + Level 1.3 Shields
 + Level 1.3 Unarmed Combat
 + Level 1.3 Spellcasting
 + Level 1.0 Conjurations
 + Level 1.0 Hexes
 + Level 1.0 Summonings
 + Level 1.0 Necromancy
 + Level 1.0 Translocations
 + Level 1.0 Transmutations
 + Level 1.0 Fire Magic
 + Level 1.0 Ice Magic
 + Level 1.0 Air Magic
 + Level 1.0 Earth Magic
 + Level 1.0 Poison Magic
 + Level 1.4 Invocations
 + Level 1.3 Evocations


You had 6 spell levels left.
You didn't know any spells.
Your spell library was empty.

Dungeon Overview and Level Annotations

Branches:
Dungeon (5/15)             Temple (0/1) D:4           Sewer (1/1)

Altars:

Annotations:
D:5 Sigmund


Innate Abilities, Weirdness & Mutations

You have very sharp teeth.
Your uncanny sense of smell can sniff out nearby items.
Your experience applies equally to all skills.


Message History

The water moccasin misses you. The water moccasin bites you.
You miss the water moccasin. The water moccasin barely misses you.
You hit the water moccasin. Your bite misses the water moccasin.
The water moccasin is lightly wounded.
The water moccasin bites you but does no damage.
You hit the water moccasin but do no damage.
The water moccasin is lightly wounded.
The water moccasin barely misses you.
You closely miss the water moccasin.
The water moccasin is lightly wounded.
The water moccasin bites you!
You are poisoned.
The water moccasin poisons you! The water moccasin barely misses you.
You hit the water moccasin.
The water moccasin is lightly wounded.
You feel very sick. The water moccasin barely misses you.
You hit the water moccasin but do no damage.
You bite the water moccasin.
The water moccasin is lightly wounded.
You feel sick. The water moccasin bites you.
You are lethally poisoned!
The water moccasin poisons you!
It was a potion of attraction.
You feel attractive to monsters.
You feel very sick. The water moccasin bites you!
The water moccasin misses you.
You miss the water moccasin. Your bite misses the water moccasin.
The water moccasin is lightly wounded.
* * * LOW HITPOINT WARNING * * *
You feel very sick. The water moccasin bites you!
* * * LOW HITPOINT WARNING * * *
You are more poisoned.
The water moccasin poisons you!
Unknown command.
Unknown command.
You closely miss the water moccasin. Your bite misses the water moccasin.
The water moccasin is lightly wounded.
You die...

## ######
#[:#S#??#
#?.#@#≈$#
#≈..#
##.≈.##
#..≈..#
#..≈..##
#..≈#≈..#
#.≈###≈.##
#... #≈≈.#
#.≈# ##..#


You could see a water moccasin.

Vanquished Creatures
  A scorpion (D:5)
  A hound (D:5)
  2 adders (D:5)
  A worm (D:4)
  A giant cockroach (D:4)
  A goblin (D:4)
  4 jackals (Sewer)
  3 rats (D:4)
14 creatures vanquished.

Notes
Turn   | Place    | Note
-------+----------+-------------------------------------------
     0 | D:5      | Reached skill level 9 in Stealth
     0 | D:5      | DocClef the Gnoll Delver began the quest for the Orb.
     0 | D:5      | Reached XP level 1. HP: 23/23 MP: 1/1
     5 | D:5      | Noticed a hound
    19 | D:5      | Killed a hound
    20 | D:5      | Reached XP level 2. HP: 23/29 MP: 1/3
    20 | D:5      | Reached XP level 3. HP: 27/35 MP: 1/4
   131 | D:5      | Reached skill level 1 in Invocations
   162 | D:5      | Noticed a black bear
   210 | D:5      | Noticed a scorpion
   242 | D:5      | Killed a scorpion
   243 | D:5      | Reached skill level 1 in Long Blades
   243 | D:5      | Reached skill level 1 in Axes
   243 | D:5      | Reached skill level 1 in Maces & Flails
   243 | D:5      | Reached skill level 1 in Polearms
   243 | D:5      | Reached skill level 1 in Staves
   243 | D:5      | Reached skill level 1 in Slings
   243 | D:5      | Reached skill level 1 in Bows
   243 | D:5      | Reached skill level 1 in Crossbows
   243 | D:5      | Reached skill level 1 in Throwing
   243 | D:5      | Reached skill level 1 in Armour
   243 | D:5      | Reached skill level 1 in Shields
   243 | D:5      | Reached skill level 1 in Unarmed Combat
   243 | D:5      | Reached skill level 1 in Spellcasting
   243 | D:5      | Reached skill level 1 in Conjurations
   243 | D:5      | Reached skill level 1 in Hexes
   243 | D:5      | Reached skill level 1 in Summonings
   243 | D:5      | Reached skill level 1 in Necromancy
   243 | D:5      | Reached skill level 1 in Translocations
   243 | D:5      | Reached skill level 1 in Transmutations
   243 | D:5      | Reached skill level 1 in Fire Magic
   243 | D:5      | Reached skill level 1 in Ice Magic
   243 | D:5      | Reached skill level 1 in Air Magic
   243 | D:5      | Reached skill level 1 in Earth Magic
   243 | D:5      | Reached skill level 1 in Poison Magic
   243 | D:5      | Reached skill level 1 in Evocations
   243 | D:5      | Reached XP level 4. HP: 17/41 MP: 5/5
   437 | D:5      | Noticed Sigmund
   511 | D:4      | Found a glowing drain.
   529 | Sewer    | Entered a sewer
   538 | Sewer    | Reached XP level 5. HP: 45/47 MP: 6/6
   610 | Sewer    | Noticed a water moccasin
   625 | Sewer    | Succumbed to a water moccasin's poison

Illustrated notes

Levels and vault maps discovered:
D:4:      layout_cave_pools, minmay_temple_entry_ruins, serial_rivers,
          chequers_serial_rivers_micro_d, chequers_serial_rivers_micro_a,
          chequers_serial_rivers_marsh, chequers_serial_rivers_small_3,
          chequers_serial_rivers_micro_b, chequers_serial_rivers_micro_c,
          portal_sewer_entry_b, hex_medium, grunt_ministairs_4
D:5:      layout_cave_pods, kennysheep_generic_room_11, uniq_sigmund
Sewer:    sewer_the_moccasin

Skill      XL: |  1  2  3 |
---------------+----------+-----
Stealth        | |  9.6
Invocations    | 1 |  1.4
Long Blades    | 1 |  1.3
Axes           | 1 |  1.3
Maces & Flails | 1 |  1.3
Polearms       | 1 |  1.3
Staves         | 1 |  1.3
Slings         | 1 |  1.3
Bows           | 1 |  1.3
Crossbows      | 1 |  1.3
Throwing       | 1 |  1.3
Armour         | 1 |  1.3
Shields        | 1 |  1.3
Unarmed Combat | 1 |  1.3
Spellcasting   | 1 |  1.3
Conjurations   | 1 |  1.0
Hexes          | 1 |  1.0
Summonings     | 1 |  1.0
Necromancy     | 1 |  1.0
Translocations | 1 |  1.0
Transmutations | 1 |  1.0
Fire Magic     | 1 |  1.0
Ice Magic      | 1 |  1.0
Air Magic      | 1 |  1.0
Earth Magic    | 1 |  1.0
Poison Magic   | 1 |  1.0
Evocations     | 1 |  1.3
Fighting       | |  6.6
Short Blades   | |  4.7
Dodging        | |  4.7

Action                   |  1- 3 |  4- 6 || total
-------------------------+-------+-------++-------
Melee: Short sword       |    30 |    39 ||    69
       Bite              |     1 |     3 ||     4
       Punch             |     1 |       ||     1
  Use: Scroll            |       |     1 ||     1
       Potion            |       |     1 ||     1
 Stab: Sleeping          |       |     2 ||     2
Armor: Leather armour    |     5 |     7 ||    12
Dodge: Dodged            |    19 |    20 ||    39

Table legend: (Time is in decaauts)
 A = Elapsed time spent in this place.
 B = Non-inter-level travel time spent in this place.
 C = Inter-level travel time spent in this place.
 D = Time resting spent in this place.
 E = Time spent auto-exploring this place.
 F = Levels seen in this place.
 G = Mean time per level.
                   A        B        C        D        E       F      G
               +--------+--------+--------+--------+--------+-----+--------+
         Total |    620 |    606 |     14 |    214 |    197 |   3 |  206.7 |
       Dungeon |    523 |    509 |     14 |    214 |    134 |   2 |  261.5 |
         Sewer |     96 |     96 |      0 |      0 |     63 |   1 |   96.0 |
               +--------+--------+--------+--------+--------+-----+--------+

Top non-repeatable levels by time:
     D:5: 453 daAuts
   Sewer: 96 daAuts
     D:4: 70 daAuts
